 Dungeon Sprint DCSS version 0.23.1 (webtiles) character file.

Game seed: 5139774799482863401

13827 dvd the Cleaver (level 11, -2/118 HPs)
             Began as a Troll Fighter on Mar 6, 2019.
             Was the Champion of Makhleb.
             Slain by a spriggan air mage
             ... wielding the +7 hand axe of Megrup {chop, +Blink Int+3}
              (3 damage)
             ... in the Dungeon (Sprint V: "Ziggurat Sprint").
             The game lasted 00:12:07 (526 turns).

dvd the Cleaver (Troll Fighter)                      Turns: 526, Time: 00:12:08

Health: -2/118     AC: 28    Str: 32    XL:     11   Next: 80%
Magic:  10/10      EV:  3    Int:  5    God:    Makhleb [******]
Gold:   0          SH: 32    Dex: 17    Spells: 10/10 levels left

rFire    + . .     SeeInvis +   J - +14 obsidian axe {chop, +Fly SInv *Curse} (curse)
rCold    + . .     Gourm    +   z - +18 shield of the Gong {rElec rN+ MR+ EV-5}
rNeg     + . .     Faith    .   H - +5 gold dragon scales
rPois    +         Spirit   .   (helmet restricted)
rElec    +         Reflect  .   R - +0 cloak {+Inv}
rCorr    .         Harm     .   (gloves unavailable)
MR       +....     NoTele   +   (boots unavailable)
Stlth    ..........             P - amulet of regeneration
HPRegen  1.09/turn              B - +6 ring of dexterity
MPRegen  0.12/turn              F - +6 ring of strength

@: mesmerised, studying 2 skills
A: large, unfitting armour, claws 3, fast metabolism 3, gourmand, regeneration
1, shaggy fur 1, tough skin 3
a: Minor Destruction, Lesser Servant of Makhleb, Major Destruction, Greater
Servant of Makhleb, Renounce Religion, Evoke Invisibility, Evoke Flight


You were in the Dungeon.
You worshipped Makhleb.
Makhleb was exalted by your worship.
You were very full.

You visited 1 branch

Inventory:

Hand Weapons
 a - the +7 lajatang of Order {silver, rMut}
   (You found it in the Dungeon)

   It protects you from mutation.
 n - the +7 broad axe of Dim Light {elec, rF++}
   (You took it off a vault guard in the Dungeon)

   Occasionally, upon striking a foe, it will discharge some electrical energy
   and cause terrible harm.
   It greatly protects you from fire.
 y - the +8 lance "Wyrmbane" {slay drac, rPois rF+ rC+ AC+3}
   (You found it in the Dungeon)

   It affects your AC (+3).
   It protects you from fire.
   It protects you from cold.
   It protects you from poison.
 A - the +6 shillelagh "Devastator" {shatter}
   (You found it in the Dungeon)
 I - a +5 demon trident
 J - the cursed +14 obsidian axe (weapon) {chop, +Fly SInv *Curse}
   (You found it in the Dungeon)

   It inflicts extra damage upon your enemies.
   It lets you see invisible.
   It lets you fly.
   It curses itself when equipped.
   It has a curse placed upon it.
 K - the +10 dark maul {crush}
   (You found it in the Dungeon)

   It inflicts extra damage upon your enemies.
 L - the +10 morningstar "Eos" {elec, Halo rElec}
   (You found it in the Dungeon)

   Occasionally, upon striking a foe, it will discharge some electrical energy
   and cause terrible harm.
   It insulates you from electricity.
Armour
 z - the +18 shield of the Gong (worn) {rElec rN+ MR+ EV-5}
   (You found it in the Dungeon)

   It affects your evasion (-5).
   It insulates you from electricity.
   It protects you from negative energy.
   It affects your resistance to hostile enchantments.
 H - +5 gold dragon scales (worn)
 R - a +0 cloak of invisibility (worn)
Jewellery
 B - a +6 ring of dexterity (left claw)
 C - a +6 ring of dexterity
 D - a +6 ring of intelligence
 E - a +6 ring of intelligence
 F - a +6 ring of strength (right claw)
 G - a +6 ring of strength
 P - an amulet of regeneration (around neck)
Wands
 v - a wand of disintegration (7)
 w - a wand of iceblast (7)
 x - a wand of acid (7)
Scrolls
 j - 4 scrolls of blinking
 p - 4 scrolls of amnesia
 q - 7 scrolls of fog
 r - a scroll of holy word
 s - 5 scrolls of identify
 t - 5 scrolls of remove curse
 u - 2 scrolls of fear
 Q - 2 scrolls of brand weapon
Potions
 c - 6 potions of might
 e - 10 potions of curing
 f - 10 potions of heal wounds
 g - 6 potions of haste
 h - 7 potions of magic
 i - 3 potions of berserk rage
 k - 2 potions of brilliance
 l - 2 potions of invisibility
 m - 4 potions of resistance
 o - 5 potions of agility
Books
 b - a manual of Crossbows
 O - a manual of Axes
Miscellaneous
 N - a box of beasts
Comestibles
 d - 8 rations
 M - 13 chunks of flesh


   Skills:
 + Level 10.3 Fighting
 + Level 14.1 Axes
 + Level 1.3(10.3) Maces & Flails
 + Level 1.0(9.4) Polearms
 + Level 1.2 Throwing
 * Level 11.0 Armour
 + Level 7.6 Dodging
 + Level 1.3 Stealth
 + Level 12.0 Shields
 + Level 4.5 Unarmed Combat
 + Level 1.2 Invocations
 + Level 0.9 Evocations


You had 10 spell levels left.
You didn't know any spells.
Your spell library contained the following spells:

 Spells                   Type           Power        Failure   Level  Hunger
 Magic Dart               Conj           #...         100%        1    ##.....
 Sting                    Conj/Pois      #...         100%        1    ##.....
 Searing Ray              Conj           #.....       100%        2    ###....
 Conjure Flame            Conj/Fire      #.......     100%        3    ####...
 Dazzling Spray           Conj/Hex       #.....       100%        3    ####...
 Stone Arrow              Conj/Erth      #.....       100%        3    ####...
 Force Lance              Conj/Tloc      #.......     100%        4    #####..
 Fulminant Prism          Conj/Hex       #.........   100%        4    #####..
 Iskenderun's Mystic Bla  Conj           #.......     100%        4    #####..
 Malign Gateway           Summ/Tloc      #.........   100%        7    #######
 Monstrous Menagerie      Summ           #.........   100%        7    #######
 Summon Greater Demon     Summ           #.........   100%        7    #######
 Summon Horrible Things   Summ           #.........   100%        8    #######


Dungeon Overview and Level Annotations

Branches:
Dungeon (1/1)

Altars:
Ashenzari
Cheibriados
Dithmenos
Elyvilon
Fedhas
Gozag
Hepliaklqana
Kikubaaqudgha
Makhleb
Nemelex Xobeh
Okawaru
Qazlal
Ru
Sif Muna
Trog
Uskayaw
Vehumet
Wu Jian
Xom
Yredelemnul
Zin
The Shining One
Beogh
Jiyva
Lugonu

Annotations:
D 1 transporter


Innate Abilities, Weirdness & Mutations

You are too large for most types of armour.
You have claws for hands.
Your metabolism is lightning-fast.
You like to eat raw meat.
Your natural rate of healing is unusually fast.
You are covered in fur. (AC +1)
You have extremely tough skin. (AC +3)


Message History

Your gold dragon scales prevents you from hitting the storm dragon.
The storm dragon is almost dead.
You hit the titan. You miss the spriggan air mage.
You slice the air elemental!!
You break out of your daze!
You destroy the air elemental!
Makhleb accepts your kill.
You feel better.
Visions of slaying the storm dragon flood into your mind.
The wind drake flaps its wings at you. The air twists around and strikes you!
* * * LOW HITPOINT WARNING * * *
You block the storm dragon's attack.
GONNNNG!
The storm dragon claws you but does no damage.
You block the storm dragon's attack.
SHROANNG!
The spriggan air mage hits you with the +7 hand axe of Megrup {chop, +Blink Int+3}!
* * * LOW HITPOINT WARNING * * *
You die...

▓...†.....▓.
▓.▓.†...▓.▓.
▓....©....▓.
▓▓▓▓▓▓▓▓▓▓▓▓▓▓▓▓▓▓▓▓▓▓▓▓
▓...8©8...▓...8©8...▓...
▓..==):)..▓..}[[))..▓...
▓..[)}")..▓..[=[[}..▓...
▓.....i...▓.........▓...
▓......@C.▓.........▓...
▓....k.D..▓.........▓...
▓.....[...▓.........▓...
▓.........▓.........▓.▓.
▓.▓.....▓.▓.▓.....▓.▓...
▓....©....▓....©....▓▓▓▓
▓▓▓▓▓▓▓▓▓▓▓▓▓▓▓▓▓▓▓▓▓


You could see a titan, a storm dragon, a wind drake and a spriggan air mage.

Vanquished Creatures
  An azure jelly (D)
  A great orb of eyes (D)
  A vault guard (D)
  A spriggan air mage (D)
  A centaur warrior (D)
  An ironbrand convoker (D)
  4 toenail golems (D)
  2 jumping spiders (D)
  A merfolk (D)
  A slime creature (D)
  A yak (D)
  A basilisk (D)
  3 tarantellas (D)
  3 air elementals (D)
  A golden eye (D)
  A porcupine (D)
  2 black bears (D)
  An orc warrior (D)
  2 wolves (D)
  7 scorpions (D)
  2 jellies (D)
  An orc priest (D)
  An orc wizard (D)
  2 oozes (D)
  An orc (D)
  3 ball pythons (D)
  A jackal (D)
47 creatures vanquished.

Vanquished Creatures (collateral kills)
  2 vault guards (D)
  A toenail golem (D)
  A spiny frog (D)
  3 merfolk (D)
  A hornet (D)
  2 slime creatures (D)
  A redback (D)
  2 spriggans (D)
  A tarantella (D)
  An orc warrior (D)
  A black bear (D)
  A wolf (D)
  A bullfrog (D)
  A jelly (D)
  An orc (D)
  A ball python (D)
21 creatures vanquished.

Vanquished Creatures (others)
  3 insubstantial wisps (D)
3 creatures vanquished.

Grand Total: 71 creatures vanquished

Notes
Turn   | Place    | Note
-------+----------+-------------------------------------------
     0 | D        | Found the +6 Majin-Bo {vamp, Archmagi MP+6 Int+6}
     0 | D        | Found the +7 great mace "Firestarter" {inner flame, rF++}
     0 | D        | dvd the Troll Fighter began the quest for the Orb.
     0 | D        | Reached XP level 1. HP: 22/22 MP: 0/0
     0 | D        | Found a deep blue altar of Sif Muna.
     0 | D        | Found a sacrificial altar of Ru.
     0 | D        | Found a bloodstained altar of Trog.
     0 | D        | Found a stormy altar of Qazlal.
     0 | D        | Found an iron altar of Okawaru.
     0 | D        | Found a sparkling altar of Nemelex Xobeh.
     0 | D        | Found a blossoming altar of Fedhas.
     2 | D        | Found a transporter.
     2 | D        | Found an ancient bone altar of Kikubaaqudgha.
     2 | D        | Found a viscous altar of Jiyva.
     2 | D        | Found a corrupted altar of Lugonu.
     2 | D        | Found a hazy altar of Hepliaklqana.
     2 | D        | Found a burning altar of Makhleb.
     2 | D        | Found an opulent altar of Gozag.
    44 | D        | Found the +9 heavy crossbow "Sniper" {velocity, Acc+∞ SInv}
    44 | D        | Found the +10 dark maul {crush}
    44 | D        | Found the +15 Maxwell's patent armour {-Cast -Tele rElec
                  | MR+ rCorr}
    44 | D        | Found the +18 shield of the Gong {rElec rN+ MR+ EV-5}
    44 | D        | Found the cursed +14 obsidian axe {chop, +Fly SInv *Curse}
    57 | D        | Found the +6 shillelagh "Devastator" {shatter}
    57 | D        | Found the +11 plutonium sword {*Contam Stlth-}
    57 | D        | Found the +8 lance "Wyrmbane" {slay drac, rPois rF+ rC+
                  | AC+3}
    57 | D        | Found the +9 sword of Zonguldrok {reap}
    57 | D        | Found the cursed +13 scythe of Curses {drain, *Curse}
    57 | D        | Found the +0 sword of Power
    57 | D        | Found the +7 mace of Variability {chain chaos}
    57 | D        | Found the +7 Singing Sword {slice, sonic wave}
    57 | D        | Found the +7 longbow "Piercer" {penet, EV-2}
   127 | D        | Became a worshipper of Makhleb the Destroyer
   138 | D        | Entered arena 2.
   138 | D        | Noticed a scorpion
   138 | D        | Noticed a scorpion
   138 | D        | Found a transporter.
   140 | D        | Killed a scorpion
   140 | D        | Reached XP level 2. HP: 32/32 MP: 1/1
   140 | D        | Reached XP level 3. HP: 39/39 MP: 2/2
   140 | D        | Killed a scorpion
   140 | D        | Reached skill level 1 in Axes
   140 | D        | Reached XP level 4. HP: 48/48 MP: 3/3
   145 | D        | Got the cursed +1 mace "Amauschup" {crush, +Blink rPois rC+
                  | MR- Str+3}
   151 | D        | Entered arena 3.
   151 | D        | Noticed a jumping spider
   151 | D        | Found a transporter.
   155 | D        | Reached * piety under Makhleb
   155 | D        | Reached XP level 5. HP: 55/55 MP: 4/4
   156 | D        | Reached skill level 5 in Fighting
   156 | D        | Reached skill level 5 in Dodging
   156 | D        | Reached skill level 5 in Shields
   158 | D        | Killed a jumping spider
   158 | D        | Reached skill level 2 in Axes
   158 | D        | Reached skill level 5 in Armour
   158 | D        | Reached XP level 6. HP: 61/67 MP: 5/5
   166 | D        | Got the cursed ring "Enuvvudgh" {rN+ MR+ Str-2}
   174 | D        | Entered arena 4.
   174 | D        | Noticed a merfolk
   174 | D        | Noticed a merfolk
   174 | D        | Noticed a merfolk
   174 | D        | Noticed a merfolk
   174 | D        | Found a transporter.
   179 | D        | Killed a merfolk
   179 | D        | Reached ** piety under Makhleb
   179 | D        | Reached XP level 7. HP: 62/76 MP: 6/6
   181 | D        | Killed a merfolk
   181 | D        | Reached skill level 3 in Axes
   183 | D        | Killed a merfolk
   184 | D        | Killed a merfolk
   184 | D        | Reached *** piety under Makhleb
   184 | D        | Reached skill level 4 in Axes
   184 | D        | Reached XP level 8. HP: 58/87 MP: 7/7
   230 | D        | Entered arena 5.
   230 | D        | Found a transporter.
   244 | D        | Entered arena 6.
   244 | D        | Noticed a toenail golem
   244 | D        | Noticed a toenail golem
   244 | D        | Noticed a toenail golem
   244 | D        | Noticed a toenail golem
   244 | D        | Noticed a toenail golem
   244 | D        | Found a transporter.
   249 | D        | Killed a toenail golem
   249 | D        | Reached **** piety under Makhleb
   249 | D        | Reached skill level 5 in Axes
   249 | D        | Killed a toenail golem
   252 | D        | Killed a toenail golem
   252 | D        | Reached skill level 6 in Axes
   252 | D        | Killed a toenail golem
   252 | D        | Reached XP level 9. HP: 96/96 MP: 8/8
   256 | D        | Killed a toenail golem
   256 | D        | Reached ***** piety under Makhleb
   256 | D        | Reached skill level 7 in Axes
   273 | D        | Entered arena 7.
   275 | D        | Found a transporter.
   298 | D        | Reached skill level 8 in Axes
   298 | D        | Reached skill level 1 in Maces & Flails
   298 | D        | Reached skill level 1 in Polearms
   298 | D        | Reached skill level 1 in Throwing
   298 | D        | Reached skill level 10 in Shields
   298 | D        | Reached skill level 1 in Invocations
   298 | D        | Reached XP level 10. HP: 106/106 MP: 9/9
   305 | D        | Entered arena 8.
   305 | D        | Noticed a spiny frog
   306 | D        | Found the +7 lajatang of Order {silver, rMut}
   306 | D        | Found a transporter.
   310 | D        | Reached ****** piety under Makhleb
   312 | D        | Killed a spiny frog
   331 | D        | Entered arena 9.
   331 | D        | Noticed a great orb of eyes
   331 | D        | Noticed a vault guard
   331 | D        | Noticed a vault guard
   331 | D        | Noticed a centaur warrior
   331 | D        | Noticed a vault guard
   331 | D        | Noticed an ironbrand convoker
   332 | D        | Identified the +7 broad axe of Dim Light {elec, rF++}
   332 | D        | Found a transporter.
   336 | D        | Killed a vault guard
   336 | D        | Reached skill level 9 in Axes
   338 | D        | Killed a vault guard
   339 | D        | Killed an ironbrand convoker
   339 | D        | Reached skill level 10 in Axes
   339 | D        | Reached XP level 11. HP: 115/115 MP: 10/10
   340 | D        | Killed a great orb of eyes
   341 | D        | Killed a centaur warrior
   341 | D        | Reached skill level 10 in Armour
   341 | D        | Reached skill level 1 in Stealth
   344 | D        | Killed a vault guard
   344 | D        | Reached skill level 11 in Axes
   368 | D        | Entered arena 10.
   369 | D        | Found a transporter.
   407 | D        | Got the Incunabulum of Poisonous Conjuration
   413 | D        | Entered arena 11.
   414 | D        | Found the +10 morningstar "Eos" {elec, Halo rElec}
   414 | D        | Found the +8 Wrath of Trog {antimagic, *Rage}
   414 | D        | Found a transporter.
   419 | D        | Reached skill level 12 in Axes
   480 | D        | Entered arena 12.
   481 | D        | Noticed an azure jelly
   482 | D        | Found a transporter.
   488 | D        | Killed an azure jelly
   488 | D        | Reached skill level 10 in Fighting
   488 | D        | Reached skill level 13 in Axes
   518 | D        | Entered arena 13.
   518 | D        | Noticed a titan
   518 | D        | Noticed a spriggan air mage
   519 | D        | Noticed a storm dragon
   519 | D        | Noticed a spriggan air mage
   520 | D        | Identified the +7 hand axe of Megrup {chop, +Blink Int+3}
   520 | D        | Found a transporter.
   521 | D        | Killed a spriggan air mage
   524 | D        | Reached skill level 14 in Axes
   525 | D        | HP: 4/118 [titan/bolt of lightning (13)]
   526 | D        | HP: 1/118 [spriggan air mage/the +7 hand axe of Megrup
                  | {chop, +Blink Int+3} (8)]
   526 | D        | Slain by a spriggan air mage

Skill      XL: |  1  2  3  4  5  6  7  8  9 10 11 |
---------------+----------------------------------+-----
Fighting       | 3 4 6 7 8 9 10 | 10.3
Armour         | 2 3 5 6 7 8 9 11 | 11.0
Dodging        | 3 4 6 7 |  7.6
Shields        | 3 4 6 7 8 9 10 12 | 12.0
Axes           | 1 2 4 6 8 10 14 | 14.1
Unarmed Combat | 3 4 |  4.5
Maces & Flails | 1 |  1.3
Polearms       | 1 |  1.0
Throwing       | 1 |  1.2
Invocations    | 1 |  1.2
Stealth        | 1 |  1.3
Evocations     | |  0.9

Action                   |  1- 3 |  4- 6 |  7- 9 | 10-12 || total
-------------------------+-------+-------+-------+-------++-------
Melee: Broad axe         |     1 |    10 |    20 |    40 ||    71
Evoke: Box of beasts     |       |       |     1 |       ||     1
  Use: Potion            |       |       |     1 |       ||     1
 Stab: Distracted        |       |       |       |     1 ||     1
  Eat: Chunk             |       |       |     8 |     2 ||    10
Armor: Gold dragon scale |       |    10 |     7 |    32 ||    49
Dodge: Dodged            |       |     1 |     1 |     4 ||     6
Block: Shield            |     2 |    21 |    39 |    93 ||   155
